 Dungeon Crawl Stone Soup version 0.29.1-15-g9cfb28693d (webtiles) character file.

Game seed: 13268947926140032753

2819 BabyfaceFinlayson the Ogre Mage (level 9, -1/83 HPs)
             Began as an Ogre Fire Elementalist on Mar 17, 2023.
             Was an Initiate of Sif Muna.
             Killed by an exploding wyvern (47 damage)
             ... ignited by their inner flame
             ... on level 7 of the Dungeon.
             The game lasted 00:33:28 (8751 turns).

BabyfaceFinlayson the Ogre Mage (OgFE)              Turns: 8751, Time: 00:33:29

Health: -1/83      AC:  6    Str: 19    XL:     9   Next: 72%
Magic:  17/22      EV: 11    Int: 21    God:    Sif Muna [......]
Gold:   205        SH:  0    Dex: 19    Spells: 14/26 levels left

rFire   . . .      SeeInvis .   k - +7 spear (venom)
rCold   . . .      Faith    .   (no shield)
rNeg    . . .      Spirit   .   h - +0 robe
rPois   .          Reflect  .   b - +0 hat "Nuiq Giu" {Str+4 Int+4}
rElec   .          Harm     .   e - +0 cloak
rCorr   .          Rampage  .   (gloves unavailable)
Will    +....                   (boots unavailable)
Stlth   ++........              (no amulet)
HPRegen 0.23/turn               c - ring of willpower
MPRegen 0.18/turn               j - +6 ring of dexterity

@: no status effects
A: large, unfitting armour, tough skin 1, iridescent scales 1, agile 1
a: Renounce Religion


You were on level 7 of the Dungeon.
You worshipped Sif Muna.
Sif Muna was noncommittal.
You visited 2 branches of the dungeon, and saw 8 of its levels.

You collected 205 gold pieces.

Inventory:

Hand Weapons
 k - a +7 spear of venom (weapon)
Armour
 b - the +0 hat "Nuiq Giu" (worn) {Str+4 Int+4}
   (You acquired it on level 5 of the Dungeon)

   Str:       It affects your strength (+4).
   Int:       It affects your intelligence (+4).
 e - a +0 cloak (worn)
 h - a +0 robe (worn)
Jewellery
 c - a ring of willpower (left hand)
 g - an amulet of the acrobat
 j - a +6 ring of dexterity (right hand)
Wands
 d - a wand of flame (11)
 o - a wand of iceblast (22)
Scrolls
 i - a scroll of amnesia
 l - a scroll of enchant armour
Potions
 a - 2 potions of berserk rage {unknown}
 f - a potion of flight {unknown}
 n - a potion of curing
 p - a potion of heal wounds


   Skills:
 + Level 3.3 Fighting
 + Level 3.3 Dodging
 + Level 2.2 Stealth
 + Level 9.2 Spellcasting
 + Level 3.6 Conjurations
 + Level 2.8 Hexes
 + Level 7.1 Fire Magic
 + Level 1.1 Evocations


You had 14 spell levels left.
You knew the following spells:

 Your Spells              Type           Power      Damage    Failure   Level
a - Foxfire               Conj/Fire      100%       2x1d9     1%          1
b - Scorch                Fire           78%        2d8       1%          2
c - Inner Flame           Hex/Fire       30%        N/A       2%          3
d - Flame Wave            Conj/Fire      32%        2d9       8%          4
e - Ensorcelled Hibernat  Hex/Ice        30%        N/A       6%          2

Your spell library contained the following spells:

 Spells                   Type           Power      Damage    Failure   Level
 Conjure Flame            Conj/Fire      32%        6-21      2%          3
 Passwall                 Tmut/Erth      7%         N/A       11%         2
 Swiftness                Air            9%         N/A       22%         3


Dungeon Overview and Level Annotations

Branches:
Dungeon (7/15)             Temple (1/1) D:6

Altars:
Cheibriados
Dithmenos
Elyvilon
Fedhas
Gozag
Hepliaklqana
Kikubaaqudgha
Makhleb
Okawaru
Qazlal
Ru
Sif Muna
Uskayaw
Wu Jian
Zin
The Shining One

Annotations:
D:5 2 runed translucent doors


Innate Abilities, Weirdness & Mutations

You are too large for most types of armour.
You have tough skin. (AC +1)
You are partially covered in iridescent scales. (AC +2)
You are agile. (Dex +4, Str/Int -1)


Message History

Casting: Inner Flame (mildly dangerous; 2% risk of failure)
Confirm with . or Enter, or press ? or * to list all spells.
You conjure some foxfire!
The foxfire hits the bullfrog.
Flame seeps out of the bullfrog.
The bullfrog is lightly wounded.
The foxfire hits the bullfrog.
Flame seeps out of the bullfrog.
The bullfrog is moderately wounded.
The bullfrog is engulfed in blazing flames.
Flame seeps out of the bullfrog.
Casting: Foxfire (safe; 1% risk of failure)
Confirm with . or Enter, or press ? or * to list all spells.
Flames lash the bullfrog.
Sif Muna accepts your kill.
The bullfrog explodes!
A wyvern comes into view.
A wyvern is nearby!
Casting: Scorch (safe; 1% risk of failure)
Confirm with . or Enter, or press ? or * to list all spells.
Aiming: Inner Flame (mildly dangerous; 2% risk of failure)
Press: ? - help, Dir - move target, f - wyvern
Aim: a wyvern (asleep, chance to affect: 84%)
The wyvern hisses angrily.
The wyvern is filled with an inner flame.
Casting: Inner Flame (mildly dangerous; 2% risk of failure)
Confirm with . or Enter, or press ? or * to list all spells.
You conjure some foxfire!
The wyvern bites you! The wyvern bites you! The wyvern barely misses you.
The wyvern bites you!
Casting: Foxfire (safe; 1% risk of failure)
Confirm with . or Enter, or press ? or * to list all spells.
Flames lash the wyvern.
Flame seeps out of the wyvern.
The wyvern is heavily wounded.
The wyvern's fire resistance burns away.
The wyvern is engulfed in blazing flames.
Sif Muna accepts your kill.
The wyvern explodes!
The fiery explosion engulfs you!!!
Ouch! That really hurt!
You die...

##.................
##.....#..........
#.#...###.##.####
##.###.[.....|..##
#..# #.........##
#.## ##........##
#.# #........## #v#
#........## #@#
#........#. #○#
#.......... §§§
........#... .#...
............
..#..##
####..#..... ..
#... ##..##... ###
#.#. ##. #... ..#..
#. #... .. ....


There were no monsters in sight!

Vanquished Creatures
  Pikel (D:5)
  A hornet (D:6)
  A wyvern (D:7)
  A vampire mosquito (D:5)
  Edmund (D:5)
  A water moccasin (D:7)
  2 ice beasts (D:5)
  2 black bears
  2 centaurs
  An ogre (D:6)
  A phantom (D:5)
  2 gnoll sergeants
  2 bullfrogs
  A scorpion (D:5)
  A killer bee (D:5)
  2 electric eels (D:6)
  5 hounds
  An orc priest (D:6)
  5 iguanas
  4 orc wizards
  5 gnolls
  13 adders
  5 white imps
  2 ufetubi
  A worm (D:2)
  12 orcs
  7 ball pythons
  6 bats
  6 endoplasms
  4 giant cockroaches
  8 goblins
  5 hobgoblins
  2 jackals (D:2)
  3 quokkas
  A frilled lizard (D:1)
  7 kobolds
  5 rats
129 creatures vanquished.

Vanquished Creatures (collateral kills)
  A foxfire (D:6)
1 creature vanquished.

Vanquished Creatures (others)
  196 foxfires
  7 plants (D:6)
203 creatures vanquished.

Grand Total: 333 creatures vanquished

Notes
Turn   | Place    | Note
-------+----------+-------------------------------------------
     0 | D:1      | BabyfaceFinlayson the Ogre Fire Elementalist began the
                  | quest for the Orb.
     0 | D:1      | Reached XP level 1. HP: 16/16 MP: 3/3
   316 | D:1      | Reached XP level 2. HP: 24/24 MP: 3/5
   322 | D:1      | Learned a level 2 spell: Scorch
   579 | D:1      | Reached skill level 1 in Conjurations
   738 | D:1      | Reached skill level 3 in Spellcasting
   918 | D:1      | Reached XP level 3. HP: 31/31 MP: 5/7
  1802 | D:2      | Reached XP level 4. HP: 14/39 MP: 1/9
  2107 | D:2      | Learned a level 3 spell: Inner Flame
  3071 | D:3      | Identified the +1 ring mail of True Grit {Will+}
  3808 | D:4      | Found a hide-covered altar of Uskayaw.
  4004 | D:4      | Reached XP level 5. HP: 46/46 MP: 8/10
  4293 | D:5      | Entered Level 5 of the Dungeon
  4396 | D:5      | Noticed a hornet
  4397 | D:5      | Found a large runed translucent door.
  4406 | D:5      | Gained mutation: You are weak. (Str -2) [potion of
                  | mutation]
  4406 | D:5      | Gained mutation: You are agile. (Dex +4, Str/Int -1)
                  | [potion of mutation]
  4406 | D:5      | Found a hazy altar of Hepliaklqana.
  4406 | D:5      | Found a stormy altar of Qazlal.
  4406 | D:5      | HP: 2/46 [poisoned by a hornet]
  4691 | D:5      | Found a large runed translucent door.
  4693 | D:5      | Found a large runed translucent door.
  4697 | D:5      | Found a large runed translucent door.
  4698 | D:5      | Noticed a centaur
  4708 | D:5      | Killed a centaur
  4709 | D:5      | Reached skill level 4 in Spellcasting
  4709 | D:5      | Reached XP level 6. HP: 43/54 MP: 6/12
  4731 | D:6      | Killed a hornet
  4732 | D:6      | Reached skill level 1 in Fighting
  4732 | D:6      | Reached skill level 5 in Spellcasting
  4732 | D:6      | Reached XP level 7. HP: 9/62 MP: 1/14
  4734 | D:6      | HP: 3/62 [poisoned by a hornet]
  4736 | D:6      | HP: 1/62 [poisoned by a hornet]
  4894 | D:6      | Reached skill level 5 in Fire Magic
  5224 | D:6      | Lost mutation: You are agile. (Dex +4, Str/Int -1) [potion
                  | of mutation]
  5224 | D:6      | Lost mutation: You are weak. (Str -2) [potion of mutation]
  5224 | D:6      | Gained mutation: Your muscles are strong. (Str +4, Int/Dex
                  | -1) [potion of mutation]
  5224 | D:6      | Gained mutation: Your flesh is cold resistant. (rC+)
                  | [potion of mutation]
  5389 | D:5      | Reached skill level 6 in Spellcasting
  5491 | D:5      | Found a glowing golden altar of the Shining One.
  5501 | D:5      | Noticed Pikel
  5516 | D:5      | Killed Pikel
  5517 | D:5      | Reached skill level 1 in Hexes
  5517 | D:5      | Reached skill level 1 in Evocations
  5517 | D:5      | Reached XP level 8. HP: 44/72 MP: 0/18
  5533 | D:5      | Reached skill level 7 in Spellcasting
  5548 | D:5      | Noticed Edmund
  5794 | D:4      | Learned a level 4 spell: Flame Wave
  6182 | D:5      | Identified a scroll of acquirement
  6183 | D:5      | Acquired the +0 hat "Nuiq Giu" {Str+4 Int+4}
  6466 | D:5      | Killed Edmund
  6467 | D:5      | Reached XP level 9. HP: 79/79 MP: 12/20
  6650 | D:5      | Reached skill level 8 in Spellcasting
  6889 | D:5      | Lost mutation: Your muscles are strong. (Str +4, Int/Dex
                  | -1) [potion of mutation]
  6889 | D:5      | Lost mutation: Your flesh is cold resistant. (rC+) [potion
                  | of mutation]
  6889 | D:5      | Gained mutation: You are partially covered in iridescent
                  | scales. (AC +2) [potion of mutation]
  6889 | D:5      | Gained mutation: You are agile. (Dex +4, Str/Int -1)
                  | [potion of mutation]
  6925 | D:6      | Found a staircase to the Ecumenical Temple.
  6945 | Temple   | Entered the Ecumenical Temple
  6953 | Temple   | Became a worshipper of Sif Muna the Loreminder
  8176 | D:6      | Learned a level 2 spell: Ensorcelled Hibernation
  8488 | D:7      | Reached skill level 9 in Spellcasting
  8751 | D:7      | Killed by an exploding wyvern... ignited by their inner
                  | flame

Illustrated notes

Levels and vault maps discovered:
D:1:      minmay_arrival_split_and_join, layout_basic, st_stairs_4,
          minmay_tall_x
D:2:      layout_basic
D:3:      layout_loops_corners, minivault_14
D:4:      layout_rooms, pf_just_have_faith
D:5:      layout_basic, grunt_temple_overflow_open, tso_metal_star,
          minmay_hollow_rounded_squares, uniq_edmund, uniq_pikel
D:6:      wad_lake_hut, layout_rooms, minmay_temple_entry_slanted
D:7:      layout_rooms, serial_shops, kennysheep_mini, amethyst_killhole
Temple:   compressed_dpeg_triangle_lava_temple

Skill      XL: |  1  2  3  4  5  6  7  8  9 |
---------------+----------------------------+-----
Conjurations   | 1 2 3 |  3.6
Fire Magic     | 3 4 5 6 7 |  7.1
Spellcasting   | 3 4 5 6 7 9 |  9.2
Dodging        | 2 3 |  3.3
Fighting       | 1 2 3 |  3.3
Hexes          | 1 2 |  2.8
Evocations     | 1 |  1.1
Stealth        | 2 |  2.2

Action                   |  1- 3 |  4- 6 |  7- 9 || total
-------------------------+-------+-------+-------++-------
Melee: Unarmed           |     4 |     1 |     2 ||     7
       Spear             |       |       |     5 ||     5
 Cast: Foxfire           |    34 |    35 |    46 ||   115
       Scorch            |    16 |    26 |    59 ||   101
       Inner Flame       |       |     2 |    31 ||    33
Evoke: Wand              |       |     3 |     8 ||    11
  Use: Potion            |       |     4 |     6 ||    10
       Scroll            |       |     3 |    10 ||    13
Armor: Robe              |    25 |    17 |    21 ||    63
       Skin              |       |       |    22 ||    22
Dodge: Dodged            |    20 |    25 |    39 ||    84
